 Dungeon Crawl Stone Soup version 0.28.0-45-g0d030f2227 (webtiles) character file.

Game seed: 1414795214374360166

371 CryoSword the Firebug (level 6, -1/48 HPs)
             Began as a Demigod Fire Elementalist on Apr 10, 2022.
             Slain by a kobold brigand
             ... wielding a +0 short sword
              (6 damage)
             ... on level 4 of the Dungeon.
             The game lasted 00:04:42 (5115 turns).

CryoSword the Firebug (Demigod Fire Elementalist)   Turns: 5115, Time: 00:04:43

Health: -1/48      AC:  2    Str:  9    XL:     6   Next: 18%
Magic:  11/11      EV: 12    Int: 25    God:
Gold:   79         SH:  0    Dex: 14    Spells: 6/9 levels left

rFire   . . .      SeeInvis .   c - +0 dagger (venom)
rCold   . . .      Faith    .   (no shield)
rNeg    . . .      Spirit   .   a - +0 robe
rPois   .          Reflect  .   (no helmet)
rElec   .          Harm     .   (no cloak)
rCorr   .          Rampage  .   (no gloves)
Will    .....      Rage     1%  (no boots)
Stlth   ++........              (no amulet)
HPRegen 0.16/turn               (no ring)
MPRegen 0.12/turn               (no ring)

@: lethally poisoned (-1 -> -7), flying, slowed, very slow
A: high MP 1, forlorn, divine attributes, berserk 1, evolution 1, no potion heal
1
a: no special abilities


You were on level 4 of the Dungeon.
You visited 1 branch of the dungeon, and saw 4 of its levels.

You collected 79 gold pieces.

Inventory:

Hand Weapons
 c - a +0 dagger of venom (weapon)
   (You took it off a kobold on level 3 of the Dungeon)
Armour
 a - a +0 robe (worn)
 i - a +0 pair of boots
   (You found it on level 3 of the Dungeon)
Scrolls
 d - a scroll of summoning {unknown}
 f - a scroll of fog
 j - a scroll of identify {@r1}
Potions
 b - a potion of heal wounds {unknown}
 g - a potion of ambrosia
 h - a potion of attraction {unknown}


   Skills:
 + Level 2.0 Fighting
 + Level 2.7 Dodging
 - Level 3.0 Stealth
 - Level 2.0 Spellcasting
 * Level 3.2 Conjurations
 * Level 4.1 Fire Magic


You had 6 spell levels left.
You knew the following spells:

 Your Spells              Type           Power      Damage    Failure   Level
a - Foxfire               Conj/Fire      80%        2x1d8     2%          1
b - Scorch                Fire           46%        2d7       3%          2

Your spell library contained the following spells:

 Spells                   Type           Power      Damage    Failure   Level
 Conjure Flame            Conj/Fire      20%        6-21      8%          3
 Inner Flame              Hex/Fire       12%        N/A       14%         3
 Flame Wave               Conj/Fire      20%        2d7       24%         4
 Conjure Ball Lightning   Conj/Air       5%         3x3d6     100%        6
 Discord                  Hex            1%         N/A       100%        8
 Disjunction              Tloc           1%         N/A       100%        8


Dungeon Overview and Level Annotations

Branches:
Dungeon (4/15)
 Temple: D:4-7

Shops:
D:1 [   D:3 (


Innate Abilities, Weirdness & Mutations

You have an increased reservoir of magic. (+10% MP)
You shall have no god before yourself.
Your divine heritage dramatically boosts your attributes as you level up.
You tend to lose your temper in combat.
You have hidden genetic potential.
Potions are less effective at restoring your health.


Message History

You see here a scroll of amnesia.
You see here a +0 giant club.
There is a stone staircase leading down here.
You climb downwards.
Found a stone staircase leading down.
There is a stone staircase leading up here.
A ball python comes into view.
Found a short sword.
A ball python is nearby!
A ball python is nearby!
The ball python hisses angrily.
You conjure some foxfire!
The foxfire hits the ball python.
You kill the ball python!
Nothing appears to happen.
You conjure some foxfire!
Nothing appears to happen.
j - a scroll of identify {@r1}
Found a leather armour.
Found a stone staircase leading down.
k - a metallic purple potion You now have 79 gold pieces (gained 6).
An orc comes into view. It is wielding a +0 dagger.
An orc is nearby!
An orc is nearby!
You conjure some foxfire!
Flames lash the orc.
You kill the orc!
Found a stone staircase leading up.
Things that are here:
a +0 dagger; an orc corpse
There is a stone staircase leading up here.
A scorpion comes into view.
A scorpion is nearby!
A scorpion is nearby!
Flames lash the scorpion.
The scorpion's fire resistance burns away.
Flames lash the scorpion.
The scorpion is burned terribly!
You kill the scorpion!
Training target 3.0 for Stealth reached!
Your Stealth skill increases to level 3!
Your Conjurations skill increases to level 3!
Your Fire Magic skill increases to level 4!
You have reached level 6!
Your experience leads to a dramatic increase in your attributes!
Increase (S)trength, (I)ntelligence, or (D)exterity?
You feel clever. x4
You see here a scorpion corpse.
Found a stone staircase leading down.
There is a stone staircase leading down here.
An orc comes into view.
It is wielding a +1 vampiric short sword.
An orc is nearby!
An orc is nearby!
An orc is nearby!
You conjure some foxfire!
Nothing appears to happen.
You conjure some foxfire!
The foxfire hits the orc.
The orc shouts!
Nothing appears to happen.
The foxfire hits the orc!
You kill the orc!
You conjure some foxfire!
Nothing appears to happen.
Found a stone staircase leading up.
Things that are here:
a +1 vampiric short sword; an orc corpse A hound comes into view.
A hound is nearby!
You miscast Foxfire.
You are very lightly contaminated with residual magic.
Nothing appears to happen.
Nothing appears to happen.
You conjure some foxfire!
Nothing appears to happen.
The foxfire hits the hound!
Unknown command.
Nothing appears to happen.
The foxfire hits the hound.
You conjure some foxfire!
Flames lash the hound.
You kill the hound!
Your magical contamination has completely faded away.
Your Fighting skill increases to level 2!
Found a scroll of noise.
You see here a scroll of noise {!r}.
Found a ring mail.
A giant cockroach comes into view.
Found 12 arrows.
A giant cockroach is nearby!
A giant cockroach is nearby!
A giant cockroach is nearby!
No target in view!
You conjure some foxfire!
Nothing appears to happen.
A giant cockroach is nearby!
A giant cockroach is nearby!
You conjure some foxfire!
Flames lash the giant cockroach.
The giant cockroach's fire resistance burns away.
The foxfire hits the giant cockroach.
The giant cockroach is burned terribly!
You kill the giant cockroach!
Found a runed dagger.
A kobold brigand comes into view.
It is wielding a +0 short sword and quivering curare-tipped darts.
A kobold brigand is nearby!
A kobold brigand is nearby!
A kobold brigand is nearby!
The kobold brigand shouts!
The kobold brigand throws a curare-tipped dart.
The curare-tipped dart hits you.
You are poisoned.
You have difficulty breathing.
You feel yourself slow down.
You feel very sick.
The kobold brigand throws a curare-tipped dart.
The curare-tipped dart hits you.
You are more poisoned.
You have difficulty breathing.
You feel as though you will be slow longer.
Unknown command.
You are confused.
You feel invigorated.
You feel extremely sick.
The kobold brigand throws a curare-tipped dart.
The curare-tipped dart hits you.
You are more poisoned.
You have difficulty breathing.
You feel as though you will be slow longer.
You're too confused to cast spells.
It was a potion of mutation.
You feel extremely strange.
Your system partially rejects the healing effects of potions.
You feel a little pissed off.
You feel a hidden potential growing inside you.
You feel extremely sick.
It was a potion of curing.
Your system partially rejects the healing.
You feel better.
You feel less invigorated.
The kobold brigand throws a curare-tipped dart.
The curare-tipped dart hits you.
You are poisoned.
You have difficulty breathing.
You feel as though you will be slow longer.
You closely miss the kobold brigand.
You feel very sick.
The kobold brigand hits you with a +0 short sword!
* * * LOW HITPOINT WARNING * * *
It was a potion of flight.
You feel very buoyant.
You fly up into the air.
* * * LOW HITPOINT WARNING * * *
You feel very sick.
The kobold brigand hits you with a +0 short sword.
* * * LOW HITPOINT WARNING * * *
The kobold brigand hits you with a +0 short sword.
You die...

#......# #... #(.....#
#... #......# ##... ).
#.....## #....
....###.....######.#..
......
......................
#.....#
#########........#..####
#...#.#
......###...[..#....#...
......
#.K@..#....####.#...
.....# #.#.#...#.##
#..... ..>#.#..
.....#.#.#..# #.##..
.......# ....##.......##
#.##.. <..# ........
....#..... #.....
...#^...#.##
....#....#.###.#..
.#.#..... .....#
............ .......##
##.... ..##.....###
.#.#.#.... ..........#


You could see a kobold brigand.

Vanquished Creatures
  An ogre (D:3)
  A scorpion (D:4)
  A jelly (D:3)
  2 orc priests
  A hound (D:4)
  An orc wizard (D:3)
  An adder (D:2)
  A worm (D:3)
  2 dart slugs (D:2)
  9 orcs
  8 ball pythons
  6 endoplasms
  4 giant cockroaches
  6 goblins
  3 hobgoblins
  6 quokkas
  3 bats
  2 frilled lizards (D:2)
  6 kobolds
  7 rats
71 creatures vanquished.

Vanquished Creatures (collateral kills)
  2 foxfires (D:1)
2 creatures vanquished.

Vanquished Creatures (others)
  132 foxfires
  2 plants (D:1)
134 creatures vanquished.

Grand Total: 207 creatures vanquished

Notes
Turn   | Place    | Note
-------+----------+-------------------------------------------
     0 | D:1      | CryoSword the Demigod Fire Elementalist began the quest for
                  | the Orb.
     0 | D:1      | Reached XP level 1. HP: 14/14 MP: 5/5
   224 | D:1      | Reached skill level 1 in Conjurations
   664 | D:1      | Reached XP level 2. HP: 19/20 MP: 4/7
   866 | D:1      | Found Xeseesolu's Armour Boutique.
   912 | D:1      | Learned a level 2 spell: Scorch
  1099 | D:1      | Reached skill level 3 in Fire Magic
  1615 | D:2      | Reached XP level 3. HP: 27/27 MP: 3/8
  2345 | D:2      | Reached skill level 1 in Fighting
  2394 | D:2      | Reached XP level 4. HP: 23/35 MP: 1/9
  3497 | D:3      | Noticed an ogre
  3528 | D:3      | Killed an ogre
  3529 | D:3      | Reached XP level 5. HP: 20/40 MP: 3/10
  4309 | D:3      | Found Wiavvost's Weapon Emporium.
  4662 | D:4      | Reached skill level 4 in Fire Magic
  4662 | D:4      | Reached XP level 6. HP: 48/48 MP: 6/11
  5112 | D:4      | Gained mutation: Potions are less effective at restoring
                  | your health. [potion of mutation]
  5112 | D:4      | Gained mutation: You tend to lose your temper in combat.
                  | [potion of mutation]
  5112 | D:4      | Gained mutation: You have hidden genetic potential. [potion
                  | of mutation]
  5115 | D:4      | Slain by a kobold brigand

Illustrated notes

Levels and vault maps discovered:
D:1:      dpeg_arrival_boxes_within_box, layout_loops_cross, serial_forest,
          infiniplex_forest_lined_corner, infiniplex_forest_clump_curved,
          infiniplex_forest_corner_1, infiniplex_forest_clump_long,
          infiniplex_forest_clump_tiny, serial_shops, nicolae_shop_behind_doors,
          kennysheep_small_spiral
D:2:      layout_loops_ring
D:3:      layout_loops_ring, serial_shops, nicolae_shop_window_shopping,
          chequers_ecumenical_altar_grove
D:4:      nicolae_cairo_tiling_large_dashed, layout_basic

Skill      XL: |  1  2  3  4  5  6 |
---------------+-------------------+-----
Conjurations   | 1 2 3 |  3.2
Stealth        | 2 3 |  3.0
Fire Magic     | 3 4 |  4.1
Dodging        | 2 |  2.7
Spellcasting   | 2 |  2.0
Fighting       | 1 2 |  2.0

Action                   |  1- 3 |  4- 6 || total
-------------------------+-------+-------++-------
Melee: Unarmed           |    33 |       ||    33
       Short sword       |    29 |       ||    29
       Dagger            |       |    10 ||    10
 Cast: Foxfire           |    51 |    29 ||    80
       Scorch            |    30 |    41 ||    71
  Use: Scroll            |       |     8 ||     8
       Potion            |       |     4 ||     4
 Stab: Sleeping          |     1 |       ||     1
Armor: Robe              |     6 |     2 ||     8
Dodge: Dodged            |    19 |     9 ||    28
